[Event "Titled Tuesday Blitz March 28 Late 2023"]
[White "Rodshtein, Maxim"]
[Black "Gholami Orimi, Mahdi"]
[WhiteFideId "2806851"]
[BlackFideId "12558486"]
[WhiteElo "2555"]
[BlackElo "2363"]
[Result "0-1"]
[Round "05"]
[TimeControl "180+2"]
[Date "2023.03.28"]
[WhiteClock "0:00:08"]
[BlackClock "0:00:08"]

1. d4 Nf6 2. Bf4 c5 3. d5 d6 4. Nc3 g6 5. e4 Bg7 6. Qd2 Nbd7 7. f3 a6 8. a4 b6 9. h4 Rb8 10. g4 Ne5 11. h5 gxh5 12. Bxe5 dxe5 13. g5 Nd7 14. Rxh5 Qc7 15. Qh2 Nf8 16. O-O-O c4 17. Bh3 b5 18. d6 exd6 19. Nd5 Qa5 20. Bxc8 Rxc8 21. Ne2 b4 22. c3 Qxa4 23. cxb4 Qa1+ 24. Kc2 Qa4+ 25. Kd2 Qb3 26. Kc1 a5 27. bxa5 Rc5 28. Qh3 Ne6 29. g6 Rxa5 30. gxf7+ Kd7 31. Kd2 Qxb2+ 32. Ke1 Ra2 33. Ndc3 Bf8 34. Nxa2 Qxa2 35. Rxe5 c3 36. Nxc3 Qc4 37. Ne2 Bg7 38. Red5 Bf8 39. Nf4 Qc3+ 40. Kf1 Qc4+ 41. R5d3 Be7 42. Nxe6 Qxe6 43. Qxe6+ Kxe6 44. Rd5 Kxf7 45. Rf5+ Ke6 46. Rh5 h6 47. Kf2 Bg5 48. Kg3 Rf8 49. Rf1 Ke5 50. f4+ Ke6 51. Kg4 Kd7 52. Rf3 Be7 53. Rxh6 Rg8+ 54. Kf5 Rf8+ 55. Kg4 Rg8+ 56. Kh3 Rg1 57. Rg3 Rh1+ 58. Kg4 Rxh6 59. Kf3 Ke6 60. Ke3 Rh4 61. Rg6+ Kf7 62. Rg3 Bf8 63. Rf3 Bh6 64. Kd4 Bxf4 65. Kd5 Ke7 66. Rb3 Be5 67. Rb7+ Kf6 68. Rb8 Rh1 69. Rf8+ Ke7 70. Rf3 Rd1+ 0-1


[Site "https://www.chess.com"]

[Event "Titled Tuesday Blitz March 28 Late 2023"]
[White "Herrera Reyes, Jose Antonio"]
[Black "Sargsyan, Shant"]
[WhiteFideId "2274914"]
[BlackFideId "13306766"]
[WhiteElo "2273"]
[BlackElo "2628"]
[Result "0-1"]
[Round "05"]
[TimeControl "180+2"]
[Date "2023.03.28"]
[WhiteClock "0:01:13"]
[BlackClock "0:02:27"]

1. Nf3 g6 2. g3 Bg7 3. Bg2 c5 4. d3 Nc6 5. Nc3 d6 6. h4 Nf6 7. Bg5 h6 8. Bd2 Rb8 9. a4 a6 10. O-O b5 11. axb5 axb5 12. Qc1 b4 13. Nd1 Ng4 14. Ne3 h5 15. Nxg4 hxg4 16. Ng5 Nd4 17. Re1 Bb7 18. Bxb7 Rxb7 19. e3 Nc6 20. Qd1 Qc8 21. e4 Bxb2 22. Rb1 Bf6 23. Be3 Bxg5 24. Bxg5 Nd4 25. Kg2 Nf3 26. Re3 f6 27. e5 dxe5 28. Bxf6 exf6 29. c3 Qc6 30. Kf1 bxc3 0-1


[Site "https://www.chess.com"]

[Event "Titled Tuesday Blitz March 28 Late 2023"]
[White "Alekseenko, Kirill"]
[Black "Goltsev, Dmitry"]
[WhiteFideId "4135539"]
[BlackFideId "24176710"]
[WhiteElo "2683"]
[BlackElo "2336"]
[Result "1-0"]
[Round "05"]
[TimeControl "180+2"]
[Date "2023.03.28"]
[WhiteClock "0:00:26"]
[BlackClock "0:00:02"]

1. d4 Nf6 2. Nc3 e6 3. Bf4 c5 4. e3 a6 5. g4 cxd4 6. exd4 Bb4 7. Bg2 d5 8. g5 Ne4 9. Ne2 Nxg5 10. Qd3 Ne4 11. Bxe4 dxe4 12. Qxe4 Qd5 13. O-O-O Qxe4 14. Nxe4 Bd7 15. Rhg1 Bc6 16. f3 f5 17. Ng5 Ke7 18. c3 h6 19. Nh3 Bxf3 20. Rde1 Bd6 21. Rxg7+ Kf6 22. Rg3 Bxf4+ 23. Nexf4 Be4 24. Rg6+ Kf7 25. Reg1 Nc6 26. Rg7+ Ke8 27. Nxe6 Rc8 28. Nhf4 Ne7 29. Nh5 Kd7 30. Nc5+ Kd6 31. Nf6 Bd5 32. Rxe7 Kxe7 33. Nxd5+ Kd6 34. Nf4 Rhg8 35. Rf1 b6 36. Ncd3 Rce8 37. Ne5 Kc7 38. Kd2 Kb7 39. Kd3 Rd8 40. b3 Rge8 41. Nfg6 Re6 42. Rxf5 Rdd6 43. Nf4 Re7 44. h4 Rg7 45. h5 Rg3+ 46. Ke4 Rxc3 47. Nd5 Rc1 48. Rf7+ Kb8 49. Nd7+ Kc8 50. N7xb6+ Kd8 51. Rf8# 1-0


[Site "https://www.chess.com"]

[Event "Titled Tuesday Blitz March 28 Late 2023"]
[White "Levine, Joseph"]
[Black "Bortnyk, Mykola"]
[WhiteFideId "30940346"]
[BlackFideId "14120836"]
[WhiteElo "2351"]
[BlackElo "2582"]
[Result "0-1"]
[Round "05"]
[TimeControl "180+2"]
[Date "2023.03.28"]
[WhiteClock "0:00:05"]
[BlackClock "0:00:12"]

1. e4 Nf6 2. e5 Nd5 3. d4 d6 4. Nf3 dxe5 5. Nxe5 c6 6. Be2 Bf5 7. O-O Nd7 8. c4 Nb4 9. Na3 Nxe5 10. dxe5 Qc7 11. Bf4 e6 12. Qb3 Be7 13. Rfd1 a5 14. Qg3 O-O 15. Bh6 Bg6 16. Bg5 Rfd8 17. Bxe7 Qxe7 18. Rd6 Rxd6 19. exd6 Qf6 20. Rd1 Rd8 21. d7 e5 22. Qe3 Qe7 23. Qb6 Rxd7 24. Rxd7 Qxd7 25. Qxa5 Na6 26. c5 h5 27. h3 Qd4 28. Bxa6 bxa6 29. Qxa6 Qxb2 30. Nc4 Qc1+ 31. Kh2 Kh7 32. Qa4 Qf4+ 33. Kg1 Bd3 34. Nb2 Qc1+ 35. Qd1 Qxb2 36. Qxd3+ g6 37. Qb3 Qc1+ 38. Kh2 Kg7 39. Qe3 Qb2 40. a4 Qa1 41. Qe4 Qc3 42. Qxc6 Qd4 43. Qf3 Qxc5 44. Qe3 Qd5 45. Qc3 Kh7 46. a5 Qd6 47. Qc4 e4+ 48. g3 Qf6 49. Qxe4 Qxf2+ 50. Qg2 Qa7 51. Qa2 f5 52. h4 f4 53. gxf4 Qc7 54. Kg3 Qc3+ 55. Kh2 Qf6 56. Kg3 Qc3+ 57. Kh2 Qc7 58. Kg3 Qa7 59. a6 Qe3+ 60. Kg2 Qe4+ 61. Kf1 Qxf4+ 62. Ke2 Qh2+ 0-1


[Site "https://www.chess.com"]

[Event "Titled Tuesday Blitz March 28 Late 2023"]
[White "Abdyzhapar, Asylbek"]
[Black "Durarbayli, Vasif"]
[WhiteFideId "13800337"]
[BlackFideId "13402935"]
[WhiteElo "2323"]
[BlackElo "2543"]
[Result "0-1"]
[Round "05"]
[TimeControl "180+2"]
[Date "2023.03.28"]
[WhiteClock "0:00:36"]
[BlackClock "0:00:36"]

1. e4 e5 2. Nf3 Nc6 3. Bb5 a6 4. Ba4 Nge7 5. Nc3 g6 6. d4 exd4 7. Nd5 Bg7 8. Bg5 h6 9. Bf6 Bxf6 10. Nxf6+ Kf8 11. O-O Kg7 12. e5 d6 13. exd6 Qxd6 14. Ne4 Qf4 15. Re1 Bg4 16. Ned2 Bxf3 17. Nxf3 Rad8 18. Qd3 Qf6 19. Bb3 Nd5 20. g3 Ndb4 21. Qd1 d3 22. c3 Nc2 23. Re4 Nxa1 24. Rf4 Qxf4 25. gxf4 Nxb3 26. axb3 Rhe8 27. Kg2 Rd6 28. f5 d2 29. fxg6 fxg6 30. b4 Rf8 31. Kg3 Rd3 0-1


[Site "https://www.chess.com"]

[Event "Titled Tuesday Blitz March 28 Late 2023"]
[White "Schmakel, Sam"]
[Black "Deac, Bogdan-Daniel"]
[WhiteFideId "2039311"]
[BlackFideId "1226380"]
[WhiteElo "2356"]
[BlackElo "2649"]
[Result "0-1"]
[Round "05"]
[TimeControl "180+2"]
[Date "2023.03.28"]
[WhiteClock "0:00:03"]
[BlackClock "0:00:07"]

1. Nf3 b6 2. g3 Bb7 3. Bg2 g6 4. O-O Bg7 5. c4 c5 6. Nc3 Nf6 7. d4 cxd4 8. Nxd4 Bxg2 9. Kxg2 Qc8 10. b3 Qb7+ 11. f3 O-O 12. e4 d6 13. Be3 a6 14. Rc1 e6 15. Qd2 Rd8 16. Bg5 Nbd7 17. Rfe1 Rac8 18. h4 h5 19. Nde2 Nf8 20. a4 N8h7 21. Bf4 Nd7 22. Qe3 Ne5 23. Red1 Nf8 24. Bg5 Rd7 25. Rd2 Kh7 26. Rcd1 Qc7 27. Nd4 Kg8 28. Qe2 Nh7 29. Be3 Nf6 30. Bf4 Ne8 31. Na2 Qb7 32. Nb4 Rdc7 33. Be3 Nd7 34. Ndc2 Nc5 35. Bxc5 bxc5 36. Nd3 Qxb3 37. Nf4 Qxa4 38. Ne3 Rb7 39. g4 Be5 40. Nh3 Nf6 41. gxh5 Nxh5 42. Ng4 Bd4 43. f4 Rb3 44. Rd3 Rb2 45. R1d2 Rcb8 46. f5 Rxd2 47. Rxd2 Rb3 48. fxg6 Rg3+ 49. Kh2 Rxh3+ 0-1


[Site "https://www.chess.com"]

[Event "Titled Tuesday Blitz March 28 Late 2023"]
[White "Tari, Aryan"]
[Black "Korchmar, Vasiliy"]
[WhiteFideId "1510045"]
[BlackFideId "24131750"]
[WhiteElo "2583"]
[BlackElo "2370"]
[Result "0-1"]
[Round "05"]
[TimeControl "180+2"]
[Date "2023.03.28"]
[WhiteClock "0:00:04"]
[BlackClock "0:00:19"]

1. d4 d5 2. Nf3 Nf6 3. g3 g6 4. Bg2 Bg7 5. O-O O-O 6. c3 c6 7. a4 Bf5 8. a5 Qc8 9. Bf4 Bh3 10. Nbd2 Bxg2 11. Kxg2 Nbd7 12. c4 Rd8 13. Qb3 Nf8 14. Be5 Ne6 15. e3 h5 16. Qa3 Qd7 17. h4 Ng4 18. Bxg7 Nxg7 19. cxd5 cxd5 20. Rfc1 Rdc8 21. Qb4 Nf5 22. Nb3 Rc4 23. Rxc4 dxc4 24. Nc5 Qd6 25. Ra3 Rc8 26. Qxb7 Rb8 27. Qa6 Rxb2 28. Qxd6 exd6 29. Ne4 Nfxe3+ 30. Kh3 Nf5 31. Ned2 Rc2 0-1


[Site "https://www.chess.com"]

[Event "Titled Tuesday Blitz March 28 Late 2023"]
[White "Mekhitarian, Krikor Sevag"]
[Black "Karthik Rajaa"]
[WhiteFideId "2107660"]
[BlackFideId "25035215"]
[WhiteElo "2604"]
[BlackElo "2215"]
[Result "1-0"]
[Round "05"]
[TimeControl "180+2"]
[Date "2023.03.28"]
[WhiteClock "0:00:17"]
[BlackClock "0:00:05"]

1. Nf3 Nf6 2. c4 g6 3. Nc3 Bg7 4. e4 d6 5. d4 O-O 6. h3 Nbd7 7. Be3 e5 8. d5 Nh5 9. g3 Nc5 10. Nd2 a5 11. Be2 Nf6 12. g4 c6 13. h4 a4 14. h5 Qa5 15. Kf1 a3 16. b4 Qxb4 17. Rc1 Na4 18. Nxa4 Qxa4 19. h6 Qxd1+ 20. Rxd1 Bh8 21. f3 c5 22. Rb1 Ra6 23. Kg2 Nd7 24. Bd3 Bf6 25. Rb3 Bd8 26. Nb1 Nb6 27. Rxa3 Bd7 28. Rxa6 bxa6 29. Nc3 Bc7 30. Rb1 Rb8 31. Bg5 Kf8 32. Bf6 Nc8 33. Rxb8 Bxb8 34. Bc2 Bc7 35. Bb3 Ke8 36. Kf2 Bd8 37. Bxd8 Kxd8 38. g5 Ke7 39. Kg3 f6 40. f4 exf4+ 41. Kxf4 fxg5+ 42. Kxg5 Kf7 43. e5 dxe5 44. Ne4 Bf5 45. Nxc5 Nd6 46. Kh4 a5 47. Kg3 Kf6 48. Kf2 g5 49. Na4 Bd7 50. Nb6 Ne4+ 51. Ke3 Nc5 52. Bc2 Bf5 53. Bxf5 Kxf5 54. Nc8 g4 55. Nd6+ Kg5 56. Ne4+ Nxe4 57. Kxe4 Kh4 58. d6 g3 59. d7 g2 60. d8=Q+ Kh3 61. Qg5 Kh2 62. Qh4+ Kg1 63. Ke3 1-0


[Site "https://www.chess.com"]

[Event "Titled Tuesday Blitz March 28 Late 2023"]
[White "Grigoriants, Sergey"]
[Black "Javakhadze, Zurab"]
[WhiteFideId "4130804"]
[BlackFideId "13603647"]
[WhiteElo "2502"]
[BlackElo "2381"]
[Result "1-0"]
[Round "05"]
[TimeControl "180+2"]
[Date "2023.03.28"]
[WhiteClock "0:00:03"]
[BlackClock "0:00:02"]

1. d4 d5 2. c4 e6 3. Nc3 Nf6 4. Nf3 Be7 5. Bf4 O-O 6. e3 Nbd7 7. Qc2 c5 8. Rd1 cxd4 9. Rxd4 Bc5 10. Rd2 Ne4 11. Rd1 Qa5 12. cxd5 exd5 13. Bd3 Ndf6 14. O-O Nxc3 15. bxc3 h6 16. Be5 Be7 17. Nd4 Re8 18. Rb1 Qd8 19. Nb5 Rf8 20. Rfd1 Be6 21. Nc7 Rc8 22. Nxe6 fxe6 23. Rxb7 Nd7 24. Bg3 Nc5 25. Rxa7 Bf6 26. h3 Qb6 27. Ra3 Be7 28. Bg6 Qc6 29. Rb1 Ne4 30. Bxe4 Bxa3 31. Bh7+ Kh8 32. Rb3 Bd6 33. Bd3 Bxg3 34. fxg3 Qd6 35. g4 Qg3 36. Qe2 Qe5 37. Qd2 Rc7 38. a4 Ra7 39. Bb5 Qe4 40. Qd4 Qc2 41. Qxa7 Qxb3 42. Qc5 Qb1+ 43. Kh2 Rf2 44. Qc8+ Kh7 45. Qxe6 Qc2 46. Qxd5 Qxc3 47. Bd3+ Kh8 48. Qd8+ 1-0


[Site "https://www.chess.com"]

[Event "Titled Tuesday Blitz March 28 Late 2023"]
[White "Lewtak, Damian"]
[Black "Ibarra Jerez, Jose Carlos"]
[WhiteFideId "1141724"]
[BlackFideId "2226332"]
[WhiteElo "2302"]
[BlackElo "2638"]
[Result "1/2-1/2"]
[Round "05"]
[TimeControl "180+2"]
[Date "2023.03.28"]
[WhiteClock "0:00:06"]
[BlackClock "0:00:07"]

1. e4 Nc6 2. Nc3 e6 3. d4 d5 4. exd5 exd5 5. Be3 Nf6 6. f3 Bb4 7. Qd2 O-O 8. O-O-O Na5 9. g4 Nc4 10. Bxc4 dxc4 11. Bg5 c6 12. Nge2 Re8 13. Ng3 Be7 14. h4 b5 15. Nce4 Nd5 16. Bxe7 Rxe7 17. Nh5 Kh8 18. Rde1 b4 19. Ng5 f6 20. Rxe7 Qxe7 21. Re1 Qf8 22. Ne6 Bxe6 23. Rxe6 c3 24. Qe1 cxb2+ 25. Kxb2 Qf7 26. Rxc6 Re8 27. Qf1 g6 28. Ng3 Nc3 29. Qc4 Re1 30. Rc8+ Kg7 31. Qxf7+ Kxf7 32. Kb3 Rb1+ 33. Kc4 Ke6 34. Ne4 Nxa2 35. Nc5+ Ke7 36. Rc7+ Ke8 37. Rxa7 Nc3 38. d5 Rc1 39. Ne6 Rd1 40. Ng7+ Kd8 41. Ne6+ Kc8 42. Rc7+ Kb8 43. Rc5 Rd2 44. Nd4 Na4 45. Rb5+ Kc7 46. Rxb4 Nb6+ 47. Kb3 Nxd5 48. Rc4+ Kd6 49. Nb5+ Ke6 50. Re4+ Kd7 51. c4 Rd3+ 52. Kc2 Nb4+ 53. Kb2 Rxf3 54. Rd4+ Kc6 55. Nc3 Nd3+ 56. Kc2 Ne5 57. Ne4 Rf4 58. Kd2 Nf3+ 59. Ke3 Nxd4 60. Kxf4 Ne6+ 61. Ke3 f5 62. gxf5 gxf5 63. Ng5 Nf8 64. Kf4 Ng6+ 65. Kg3 Nxh4 66. Kxh4 Kc5 67. Kg3 Kxc4 68. Kf3 Kd5 69. Kf4 h5 70. Nh3 h4 71. Kxf5 Kd4 72. Kg4 Ke4 73. Kxh4 1/2-1/2


[Site "https://www.chess.com"]

[Event "Titled Tuesday Blitz March 28 Late 2023"]
[White "Fressinet, Laurent"]
[Black "Skvortsov, Andrei"]
[WhiteFideId "608742"]
[BlackFideId "24108600"]
[WhiteElo "2633"]
[BlackElo "2259"]
[Result "1/2-1/2"]
[Round "05"]
[TimeControl "180+2"]
[Date "2023.03.28"]
[WhiteClock "0:00:06"]
[BlackClock "0:00:16"]

1. d4 g6 2. Nf3 Bg7 3. Bg5 d5 4. e3 Nf6 5. c4 c6 6. Nc3 O-O 7. Be2 Nbd7 8. cxd5 cxd5 9. O-O h6 10. Bh4 Nb8 11. Qb3 e6 12. Ne5 g5 13. Bg3 Ne4 14. Nxe4 dxe4 15. Rac1 f6 16. Nc4 Nc6 17. Bd6 Rf7 18. Rfd1 Bf8 19. Qa3 Rd7 20. Bxf8 Qxf8 21. Qxf8+ Kxf8 22. Nd2 f5 23. Bb5 Rc7 24. Bxc6 bxc6 25. Nb3 Ke7 26. Rd2 Rb8 27. Rdc2 Rb6 28. Na5 Bd7 29. Nc4 Ra6 30. b3 Rb7 31. Ne5 Be8 32. Kf1 Rc7 33. Ke1 Kd6 34. Kd2 Rb7 35. Nc4+ Ke7 36. Kc3 Rb5 37. a4 Rd5 38. a5 c5 39. dxc5 Rxc5 40. b4 Rc8 41. Kb2 Ba4 42. Rc3 Rac6 43. Ne5 Rxc3 44. Rxc3 Rxc3 45. Kxc3 Bb5 46. Kd4 Bf1 47. g3 Kd6 48. h4 gxh4 49. gxh4 h5 50. Ng6 Be2 51. Ne5 Bf1 52. Nc4+ Kc6 53. Na3 Kd6 54. Kc3 Kd5 55. Nc2 e5 56. Na1 Bc4 57. Nb3 Be2 58. Nc5 Bb5 59. Nb7 Bc6 60. Nd8 Be8 61. Kb3 Kd6 62. Nb7+ Kc6 63. Nc5 Kd5 64. Kc3 Bb5 65. Nb3 Be8 66. Na1 Bb5 67. Nc2 Bd3 68. Na3 a6 69. b5 axb5 70. Kb4 Kc6 71. a6 Kb6 72. a7 Kxa7 73. Nxb5+ Kb6 74. Nd6 f4 75. Nf7 Kc7 76. Kc5 fxe3 77. fxe3 Kd7 78. Nxe5+ Ke6 79. Ng6 Kf5 80. Nf4 Kg4 81. Kd4 Kxh4 82. Nxd3 exd3 83. Kxd3 Kg3 84. e4 h4 85. e5 h3 86. e6 h2 87. e7 h1=Q 88. e8=Q Qd5+ 89. Kc3 Qf3+ 90. Kd4 Qd1+ 91. Kc5 Qg4 92. Qe5+ Qf4 93. Qxf4+ Kxf4 1/2-1/2


[Site "https://www.chess.com"]

[Event "Titled Tuesday Blitz March 28 Late 2023"]
[White "Florescu, Codrut-Constantin"]
[Black "Rasulov, Vugar"]
[WhiteFideId "1202200"]
[BlackFideId "13402390"]
[WhiteElo "2191"]
[BlackElo "2509"]
[Result "0-1"]
[Round "05"]
[TimeControl "180+2"]
[Date "2023.03.28"]
[WhiteClock "0:00:18"]
[BlackClock "0:01:27"]

1. e4 c5 2. Nf3 Nc6 3. d4 cxd4 4. Nxd4 Nf6 5. Nc3 e5 6. Ndb5 d6 7. Bg5 a6 8. Na3 b5 9. Nd5 Be7 10. Bxf6 Bxf6 11. c3 O-O 12. Nc2 Rb8 13. a3 Bg5 14. Be2 Ne7 15. Nxe7+ Qxe7 16. Nb4 Bb7 17. Nd5 Qe6 18. Bg4 f5 19. Bf3 Bxd5 20. exd5 Qh6 21. g3 e4 22. Bg2 Rbe8 23. O-O f4 24. Qd4 f3 25. Bh1 e3 26. h4 e2 27. Rfe1 Bd2 28. Qd3 Bxe1 29. Rxe1 Qf6 30. Kh2 Re5 31. a4 bxa4 32. Qxa6 g5 33. hxg5 Rxg5 34. Kg1 Rxg3+ 0-1


[Site "https://www.chess.com"]

[Event "Titled Tuesday Blitz March 28 Late 2023"]
[White "Tilicheev, Viacheslav"]
[Black "Babazada, Khazar"]
[WhiteFideId "24114928"]
[BlackFideId "13413554"]
[WhiteElo "2415"]
[BlackElo "2364"]
[Result "1/2-1/2"]
[Round "05"]
[TimeControl "180+2"]
[Date "2023.03.28"]
[WhiteClock "0:00:07"]
[BlackClock "0:00:07"]

1. e4 Nf6 2. e5 Nd5 3. d4 d6 4. Nf3 Nb6 5. Be2 g6 6. O-O Bg7 7. exd6 cxd6 8. c4 O-O 9. Nc3 Bf5 10. Be3 d5 11. cxd5 Nxd5 12. Qb3 Nxe3 13. fxe3 Nd7 14. e4 Bg4 15. Ng5 Bxe2 16. Rxf7 Rxf7 17. Qxf7+ Kh8 18. Qxg7+ Kxg7 19. Ne6+ Kf7 20. Nxd8+ Rxd8 21. Nxe2 e5 22. d5 Nc5 23. Nc3 Ke7 24. Kf2 Nd3+ 25. Ke2 Nf4+ 26. Kf2 Rf8 27. Kg1 a6 28. Rd1 Kd6 29. g3 Nh5 30. Rf1 Nf6 31. Rf3 b5 32. Kf1 Ke7 33. Ke2 Rc8 34. a3 Rc4 35. Kd3 Rd4+ 36. Ke3 Ng4+ 37. Ke2 Nxh2 38. Rd3 Rxd3 39. Kxd3 Nf1 40. g4 Nh2 41. g5 Nf3 42. a4 bxa4 43. Nxa4 Nxg5 44. b4 h5 45. Nc5 h4 46. Ke3 h3 47. Kf2 Kd6 48. Kg3 Nxe4+ 49. Nxe4+ Kxd5 50. Nf6+ Kc4 51. Nd7 e4 52. Kxh3 Kxb4 53. Kg3 a5 54. Nb6 Kb5 55. Nd5 Kc4 56. Nb6+ Kc5 57. Na4+ Kb4 58. Nb6 Kb5 59. Nd5 Kc5 60. Nc3 Kd4 61. Na4 Kd3 62. Nc5+ Ke3 63. Kg4 Kd4 64. Nb3+ Kd3 65. Nc5+ Ke3 66. Kg3 Kd4 67. Nb3+ Kd3 68. Nc5+ Kc4 69. Nxe4 a4 70. Nd2+ Kc3 71. Nb1+ Kb2 72. Nd2 Kc2 73. Nc4 Kc3 74. Na3 Kb4 75. Nb1 Kb3 76. Kg4 Kb2 77. Nd2 Kc3 78. Nb1+ Kd3 79. Kg5 Kc2 80. Na3+ Kb2 81. Nb5 Kb3 82. Kxg6 Kc4 83. Na3+ Kb4 84. Nb1 a3 85. Nxa3 1/2-1/2


[Site "https://www.chess.com"]

[Event "Titled Tuesday Blitz March 28 Late 2023"]
[White "Vlassov, Nikolai"]
[Black "Moussard, Jules"]
[WhiteFideId "4103360"]
[BlackFideId "642908"]
[WhiteElo "2324"]
[BlackElo "2610"]
[Result "0-1"]
[Round "05"]
[TimeControl "180+2"]
[Date "2023.03.28"]
[WhiteClock "0:00:08"]
[BlackClock "0:00:16"]

1. e4 c5 2. c3 Nf6 3. e5 Nd5 4. d4 cxd4 5. cxd4 d6 6. Bc4 Nb6 7. Bb3 Nc6 8. e6 fxe6 9. Nf3 g6 10. h4 Na5 11. Bc2 Kd7 12. h5 gxh5 13. Rxh5 Nc6 14. Nc3 Kc7 15. Ng5 Qe8 16. Rxh7 Rxh7 17. Bxh7 Bg7 18. Be3 Nc4 19. Qe2 Nxe3 20. fxe3 Bh6 21. Nh3 Bd7 22. O-O-O Qh8 23. Be4 Nxd4 24. Qc4+ Nc6 25. Nb5+ Kb8 26. Nf4 Qe5 27. Kb1 a6 28. Nc3 d5 29. Nfxd5 exd5 30. Rxd5 Qc7 31. Rh5 Bxe3 32. Nd5 Qg3 33. a3 Ka7 34. Nb4 Qe1+ 35. Ka2 Nxb4+ 36. axb4 Rc8 37. Qd3 Be6+ 38. Bd5 Bxd5+ 39. Rxd5 Bb6 40. Rd7 Qxb4 41. Qd5 Bc5 42. g4 Bd6 43. g5 Rc5 0-1


[Site "https://www.chess.com"]

[Event "Titled Tuesday Blitz March 28 Late 2023"]
[White "Sieciechowicz, Marcin"]
[Black "Mammadov, Zaur"]
[WhiteFideId "1130170"]
[BlackFideId "13401033"]
[WhiteElo "2302"]
[BlackElo "2441"]
[Result "0-1"]
[Round "05"]
[TimeControl "180+2"]
[Date "2023.03.28"]
[WhiteClock "0:00:04"]
[BlackClock "0:00:36"]

1. d4 d5 2. c4 dxc4 3. e4 e5 4. Nf3 exd4 5. Bxc4 Nc6 6. O-O Be6 7. Bb5 Bc5 8. b4 Bb6 9. a4 a6 10. Bxc6+ bxc6 11. a5 Ba7 12. Nbd2 Rb8 13. Ne5 Ne7 14. Nd3 O-O 15. Ba3 Re8 16. Rc1 h6 17. h3 Qd7 18. Qh5 Rb5 19. Qe2 Ng6 20. f4 Nh4 21. Kh2 f5 22. e5 Bd5 23. g3 Ng2 24. Rg1 Ne3 25. Nf1 Reb8 26. Nxe3 dxe3 27. Nc5 Bxc5 28. Rxc5 Rxc5 29. bxc5 Rb3 30. Bc1 Be4 31. Bxe3 Ra3 32. Rd1 Bd5 33. Bf2 Qe6 34. Qe3 Rxe3 0-1


[Site "https://www.chess.com"]

[Event "Titled Tuesday Blitz March 28 Late 2023"]
[White "Thomforde-Toates, Noah"]
[Black "Kovalev, Vladislav"]
[WhiteFideId "30951992"]
[BlackFideId "13504398"]
[WhiteElo "2661"]
[BlackElo "2555"]
[Result "0-1"]
[Round "05"]
[TimeControl "180+2"]
[Date "2023.03.28"]
[WhiteClock "0:00:24"]
[BlackClock "0:00:08"]

1. e4 e5 2. Nf3 Nc6 3. Bb5 a6 4. Bxc6 dxc6 5. O-O Bd6 6. d4 exd4 7. Qxd4 f6 8. Nc3 Ne7 9. Be3 Ng6 10. h3 Be6 11. Rad1 Qe7 12. a3 O-O 13. Rfe1 Rfd8 14. Qa4 Rd7 15. Nd4 Rad8 16. Nxe6 Qxe6 17. Qa5 Be5 18. Rxd7 Rxd7 19. Qb4 b6 20. Ne2 a5 21. Qa4 Bxb2 22. c3 Ne5 23. Rb1 Qc4 24. Qc2 Bxa3 25. f4 Bc5 26. Bxc5 Qxc5+ 27. Kh2 Nc4 28. Rd1 Rxd1 29. Qxd1 Qd6 30. Qb3 b5 31. Kg3 a4 32. Qa2 Qd3+ 33. Kf2 Qe3+ 34. Kf1 Qxe4 35. Nd4 Qxf4+ 36. Kg1 Qe3+ 37. Kh2 Qxc3 38. Qe2 Qe3 39. Qg4 Qe5+ 40. Kh1 h5 41. Qc8+ Kh7 42. Nxc6 Qe4 43. Qxc7 Ne3 44. Qg3 a3 45. Nb4 Qxb4 46. Qxe3 Qb1+ 47. Kh2 a2 48. Qf3 Qg6 49. Qa3 Qb1 50. Qf3 g6 51. Qb7+ Kh6 52. Qe7 a1=Q 53. Qf8+ Kg5 54. Qc5+ Qe5+ 55. Qxe5+ fxe5 56. h4+ Kg4 57. g3 Qc2+ 58. Kg1 b4 59. Kf1 b3 60. Ke1 b2 61. Kf1 b1=Q# 0-1


[Site "https://www.chess.com"]

[Event "Titled Tuesday Blitz March 28 Late 2023"]
[White "Cuenca Jimenez, Jose Fernando"]
[Black "Costachi, Mihnea"]
[WhiteFideId "2255570"]
[BlackFideId "1217518"]
[WhiteElo "2429"]
[BlackElo "2456"]
[Result "0-1"]
[Round "05"]
[TimeControl "180+2"]
[Date "2023.03.28"]
[WhiteClock "0:00:01"]
[BlackClock "0:00:19"]

1. c4 Nf6 2. Nc3 g6 3. e4 d6 4. d4 Bg7 5. h3 O-O 6. Be3 Na6 7. Nf3 e5 8. d5 Nc5 9. Nd2 a5 10. g4 Ne8 11. Qc2 f5 12. gxf5 gxf5 13. Bxc5 dxc5 14. exf5 Bxf5 15. Bd3 Bxd3 16. Qxd3 Qh4 17. Nde4 Bh6 18. Rg1+ Kh8 19. Rg4 Qh5 20. Nxc5 Nd6 21. N5e4 Nf5 22. Ne2 Nd6 23. N2c3 Rf4 24. Rxf4 Bxf4 25. c5 Nf5 26. Ne2 Bh6 27. d6 cxd6 28. cxd6 Rd8 29. d7 Qf7 30. Rd1 Bg7 31. Nc5 Nd4 32. Nxd4 exd4 33. Kf1 b6 34. Ne4 Qxd7 35. Kg2 Rf8 36. Ng3 Qd5+ 37. Qe4 Qxa2 38. Rd2 Qf7 39. h4 Re8 40. Qg4 Qe6 41. Qf3 Rf8 42. Qb7 Qf6 43. Re2 Qg6 44. h5 Qg4 45. Re4 Qf3+ 46. Kh3 Qxf2 47. Rg4 Qf7 48. h6 Qxb7 49. hxg7+ Qxg7 0-1


[Site "https://www.chess.com"]

[Event "Titled Tuesday Blitz March 28 Late 2023"]
[White "Bernadskiy, Vitaliy"]
[Black "Mihajlov, Sebastian"]
[WhiteFideId "14100371"]
[BlackFideId "1512110"]
[WhiteElo "2488"]
[BlackElo "2464"]
[Result "1-0"]
[Round "05"]
[TimeControl "180+2"]
[Date "2023.03.28"]
[WhiteClock "0:00:16"]
[BlackClock "0:00:12"]

1. Nf3 Nf6 2. d4 d5 3. c4 c6 4. Nbd2 Bf5 5. Nh4 Bc8 6. e3 e6 7. Bd3 Nbd7 8. O-O Bd6 9. b3 Ne4 10. g3 Ndf6 11. Bb2 O-O 12. Ndf3 Nd7 13. Ne5 f6 14. Nxd7 Bxd7 15. Qc2 f5 16. Nf3 Qe7 17. Ne5 Be8 18. f3 Nf6 19. Rae1 Kh8 20. c5 Bc7 21. b4 Nd7 22. e4 fxe4 23. fxe4 Rxf1+ 24. Rxf1 Nxe5 25. dxe5 Bg6 26. exd5 Bxd3 27. Qxd3 cxd5 28. Qf3 Kg8 29. Bd4 Rf8 30. Qxf8+ Qxf8 31. Rxf8+ Kxf8 32. Kf2 a6 33. a4 Kf7 34. Kf3 Kg6 35. g4 h5 36. h3 Bb8 37. b5 Bc7 38. b6 Bb8 39. Kf4 hxg4 40. hxg4 Kh6 41. g5+ Kh5 42. c6 bxc6 43. Bc5 1-0


[Site "https://www.chess.com"]

[Event "Titled Tuesday Blitz March 28 Late 2023"]
[White "Bartel, Mateusz"]
[Black "Sourath Biswas"]
[WhiteFideId "1112635"]
[BlackFideId "35091484"]
[WhiteElo "2521"]
[BlackElo "2164"]
[Result "1-0"]
[Round "05"]
[TimeControl "180+2"]
[Date "2023.03.28"]
[WhiteClock "0:01:33"]
[BlackClock "0:00:06"]

1. e4 c6 2. Nf3 d5 3. d3 dxe4 4. dxe4 Qxd1+ 5. Kxd1 Bg4 6. Nd2 Nf6 7. Be2 Nbd7 8. Ne1 Bxe2+ 9. Kxe2 e5 10. Nd3 Nc5 11. f3 Nxd3 12. cxd3 Be7 13. Nc4 Nd7 14. Be3 O-O 15. g4 Rfd8 16. Rhd1 a5 17. a4 Bb4 18. d4 exd4 19. Rxd4 b5 20. Rad1 bxc4 21. Rxd7 Rdb8 22. Bf4 Bf8 23. Bxb8 1-0


[Site "https://www.chess.com"]

[Event "Titled Tuesday Blitz March 28 Late 2023"]
[White "Fiorito, Francisco"]
[Black "Pakleza, Zbigniew"]
[WhiteFideId "180165"]
[BlackFideId "1119290"]
[WhiteElo "2341"]
[BlackElo "2410"]
[Result "1/2-1/2"]
[Round "05"]
[TimeControl "180+2"]
[Date "2023.03.28"]
[WhiteClock "0:00:14"]
[BlackClock "0:00:05"]

1. d4 d6 2. Nf3 Bg4 3. Bf4 Nc6 4. e3 e5 5. d5 Nb8 6. Bg3 f5 7. Be2 Be7 8. h3 Bxf3 9. Bxf3 Nf6 10. Nc3 Nbd7 11. e4 f4 12. Bh4 O-O 13. Qe2 Nxd5 14. Nxd5 Bxh4 15. Qc4 Rf7 16. Qxc7 Qxc7 17. Nxc7 Rc8 18. Nb5 Rxc2 19. O-O Nc5 20. Nxd6 Rd7 21. Nf5 Bf6 22. b4 Ne6 23. Rfd1 Rdc7 24. Rd5 Kf7 25. h4 Rc1+ 26. Rxc1 Rxc1+ 27. Kh2 Rc7 28. Nd6+ Ke7 29. Nf5+ Kf7 30. h5 a6 31. Bd1 Kf8 32. Bb3 g6 33. hxg6 hxg6 34. Nh6 Rh7 35. Rd6 Rxh6+ 36. Kg1 Nd4 37. Rxf6+ Ke8 38. Rb6 Rh4 39. Rxb7 Ne2+ 40. Kf1 Nd4 41. Kg1 Ne2+ 42. Kf1 Nd4 43. f3 Rh1+ 44. Kf2 Rb1 45. Bd5 Rb2+ 46. Kf1 Nc2 47. Rb8+ Ke7 48. Rb7+ Kd8 49. Kg1 Ne3 50. Rb8+ Kc7 51. Rb7+ Kc8 52. Rg7 Rxg2+ 53. Kh1 Kb8 54. Rg8+ Kc7 55. Rg7+ Kd6 56. Ra7 g5 57. Rxa6+ Kc7 58. Ra7+ Kb8 59. Ra8+ Kc7 60. Ra7+ Kb8 61. Ra8+ Kc7 62. Ra7+ 1/2-1/2


[Site "https://www.chess.com"]